Workbook

Sheet DATA INPUT SHEET
C2: Number of Participants | D2: Number of Staff/Volunteers | E2: Total Number of Days Over the Award | K2: www.expededucation.org
B3: Bronze | C3: 0 | D3: 0 | E3: 0
B4: Silver | C4: 0 | D4: 0 | E4: 0
B5: Gold | C5: 0 | D5: 0 | E5: 0
B6: CHANGE THESE TO CHANGE THE DATA ACROSS ALL SHEETS | G6: Total number of participants | H6: =SUM(C3:C5) -> 0

Sheet Costs to Pupils
A1: PUPIL COSTS
B3: Pupils Payment | F3: Pupils Expenditure | T3: Savings | X3: Deposit
B4: Number of Participants | C4: Cost to Pupils | D4: Total Funds from Pupils | F4: Welcome Pack Price | G4: Stove Fuel | H4: Campsite Fees | I4: Staff Fuel Costs | J4: Staff Campsite Fees | K4: Staff Training Costs | L4: Assessor Costs | M4: DofE License Fee | N4: Equipment Use/Wear/Tear | P4: Total Expenditure From Pupil Contribution Per Person | Q4: Total Expenditure From Pupil Contribution | R4: What's Left Minus Pupils Expenditure | T4: Cost Previously Per Pupil | U4: Cost Per Pupil Now | V4: Savings to Pupils | X4: Equipment Deposit from Pupils | Y4: Total Funds from Deposit
A5: Bronze | B5: ='DATA INPUT SHEET'!C3 -> 0 | C5: 100 | D5: =SUM(B5*C5) -> 0 | F5: 20 | G5: 4 | H5: =SUM('Campsite Costings'!F8) -> 11.76 | I5: =SUM('Staff Costs'!E4/'Costs to Pupils'!B5) -> #DIV/0! | J5: =SUM('Staff Costs'!H4/'Costs to Pupils'!B5) -> #DIV/0! | K5: =SUM('Course Costings'!A15/'DATA INPUT SHEET'!H6) -> #DIV/0! | L5: ='Staff Costs'!K4/B5 -> #DIV/0! | M5: =SUM(K11/'DATA INPUT SHEET'!H6) -> #DIV/0! | N5: 30 | P5: =SUM(Q5/B5) + O11 -> #DIV/0! | Q5: =SUM(F5:N5)*B5 -> #DIV/0! | R5: =SUM(D5-Q5) -> #DIV/0! | T5: 100 | U5: =C5 -> 100 | V5: =SUM(T5-U5) -> 0 | X5: 0 | Y5: =SUM(B5*X5) -> 0
A6: Silver | B6: ='DATA INPUT SHEET'!C4 -> 0 | C6: 100 | D6: =SUM(B6*C6) -> 0 | F6: 20 | G6: 4 | H6: =SUM('Campsite Costings'!O11) -> 34.5 | I6: =SUM('Staff Costs'!E5/'Costs to Pupils'!B6) -> #DIV/0! | J6: =SUM('Staff Costs'!H5/'Costs to Pupils'!B6) -> #DIV/0! | K6: =SUM('Course Costings'!A15/'DATA INPUT SHEET'!H6) -> #DIV/0! | L6: ='Staff Costs'!K5/B6 -> #DIV/0! | M6: =SUM(K11/'DATA INPUT SHEET'!H6) -> #DIV/0! | N6: 30 | P6: =SUM(Q6/B6) + O$11 -> #DIV/0! | Q6: =SUM(F6:N6)*B6 -> #DIV/0! | R6: =SUM(D6-Q6) -> #DIV/0! | T6: 100 | U6: =C6 -> 100 | V6: =SUM(T6-U6) -> 0 | X6: 0 | Y6: =SUM(B6*X6) -> 0
A7: Gold | B7: ='DATA INPUT SHEET'!C5 -> 0 | C7: 100 | D7: =SUM(B7*C7) -> 0 | F7: 20 | G7: 4 | H7: =SUM('Campsite Costings'!O12) -> 0 | I7: =SUM('Staff Costs'!E6/'Costs to Pupils'!B7) -> #DIV/0! | J7: =SUM('Staff Costs'!H6/'Costs to Pupils'!B7) -> #DIV/0! | K7: =SUM('Course Costings'!A15/'DATA INPUT SHEET'!H6) -> #DIV/0! | L7: ='Staff Costs'!K6/B7 -> #DIV/0! | M7: =SUM(K11/'DATA INPUT SHEET'!H6) -> #DIV/0! | N7: 31 | P7: =SUM(Q7/B7) + O$11 -> #DIV/0! | Q7: =SUM(F7:N7)*B7 -> #DIV/0! | R7: =SUM(D7-Q7) -> #DIV/0! | T7: 0 | U7: =C7 -> 100 | V7: =SUM(T7-U7) -> -100 | X7: 0 | Y7: =SUM(B7*X7) -> 0
A10: Totals Cost Input from Pupils: | F10: Deposit Pot (Refunded) | K10: Yearly Licencing Fee | O10: Amount Per Person
A11: =SUM(D5:D6) -> 0 | F11: =SUM(Y5:Y6) -> 0 | K11: 1050 | O11: =SUM(K11/'DATA INPUT SHEET'!H6) -> #DIV/0!
A13: Contigency Pot (Equipment Use/Wear/Tear) | B13: Over 3 years (to replace stock) | E13: Note this allows for numbers to fluctuate and still have the £3000 a year to replace equipment.
A14: =SUM(N5*B5)+(N6*B6) -> 0 | B14: =SUM(A14*3) -> 0

Sheet Staff Costs
A1: STAFF COSTS
A3: Fuel Costs | B3: Number of Staff/Volunteers | C3: Estimated Miles Travelled Over the Award | D3: Fuel Allowance (Pence per Mile) | E3: Total Fuel Allowance Costs | G3: Camp Fee Costs | H3: Total Cost of Site Fees for Staff/Volunteers | J3: Assessor Costs | K3: Total Cost of Assessors
A4: Bronze | B4: =SUM('DATA INPUT SHEET'!D3) -> 0 | C4: 150 | D4: 0.45 | E4: =SUM(C4*D4)*B4 -> 0 | G4: Bronze | H4: =SUM('Campsite Costings'!F8*'Staff Costs'!B4) -> 0 | J4: Bronze | K4: 500
A5: Silver | B5: =SUM('DATA INPUT SHEET'!D4) -> 0 | C5: 500 | D5: 0.45 | E5: =SUM(C5*D5)*B5 -> 0 | G5: Silver | H5: =SUM('Campsite Costings'!O11*'Staff Costs'!B5) -> 0 | J5: Silver | K5: 300
A6: Gold | B6: ='DATA INPUT SHEET'!D5 -> 0 | C6: 1500 | D6: 0.45 | E6: =SUM(C6*D6)*B6 -> 0 | G6: Gold | H6: =SUM('Campsite Costings'!X22*'Staff Costs'!B6) -> 0 | J6: Gold | K6: 300
A8: Total Fuel Allowance Costs | G8: Total Staff Site Fee Costs | J8: Total Assessor Fee Costs
A9: =SUM(E4:E6) -> 0 | G9: =SUM(H4:H6) -> 0 | J9: =SUM(K4:K6) -> 1100
A13: Total Staff Costs
A14: =SUM(A9,,G9,J9) -> 1100

Sheet Campsite Costings
A1: CAMPSITE FEES
A3: Bronze | B3: Number of Participants | C3: Number of Staff | D3: Total People Present | E3: Number of Nights | F3: Price Per Participant Camping | G3: Total Cost of Campsite Fees | H3: Total Campsite Fee's | J3: Silver | K3: Number of Participants | L3: Number of Staff | M3: Total People Present | N3: Number of Nights | O3: Price Per Participant Camping | P3: Total Cost of Campsite Fees | Q3: Total Campsite Fee's | S3: Gold | T3: Number of Participants | U3: Number of Staff | V3: Total People Present | W3: Number of Nights | X3: Price Per Participant Camping | Y3: Total Cost of Campsite Fees | Z3: Total Campsite Fee's
A4: Training Weekend | B4: =SUM('DATA INPUT SHEET'!C3) -> 0 | C4: =SUM('DATA INPUT SHEET'!D3) -> 0 | D4: =SUM(B4,C4) -> 0 | E4: 1 | F4: 0 | G4: =SUM(D4*F4)*E4 -> 0 | H4: =SUM(G4:G7) -> 0 | J4: Training Weekend Site 1 | K4: =SUM('DATA INPUT SHEET'!C4) -> 0 | L4: =SUM('DATA INPUT SHEET'!D4) -> 0 | M4: =SUM(K4,L4) -> 0 | N4: 1 | O4: 6 | P4: =SUM(M4*O4)*N4 -> 0 | Q4: =SUM(P4:P10) -> 0 | S4: ? | T4: ='DATA INPUT SHEET'!C5 -> 0 | U4: ='DATA INPUT SHEET'!D$5 -> 0 | V4: =SUM(T4,U4) -> 0 | W4: 1 | X4: 1 | Y4: =SUM(V4*X4)*W4 -> 0 | Z4: =SUM(Y4:Y21) -> 0
A5: Training Walk | C5: =SUM('DATA INPUT SHEET'!D3) -> 0 | D5: =SUM(B4,C5) -> 0 | E5: 0 | F5: 0 | G5: =SUM(D5*F5)*E5 -> 0 | J5: Training Weekend Site 2 | L5: =SUM('DATA INPUT SHEET'!D4) -> 0 | M5: =SUM(K4,L5) -> 0 | N5: 1 | O5: 6 | P5: =SUM(M5*O5)*N5 -> 0 | S5: ? | U5: ='DATA INPUT SHEET'!D$5 -> 0 | V5: =SUM(T4,U5) -> 0 | W5: 1 | X5: 1 | Y5: =SUM(V5*X5)*W5 -> 0
A6: Practice Weekend | C6: =SUM('DATA INPUT SHEET'!D3) -> 0 | D6: =SUM(B4,C6) -> 0 | E6: 1 | F6: 3.5 | G6: =SUM(D6*F6)*E6 -> 0 | J6: Training Walk | L6: =SUM('DATA INPUT SHEET'!D4) -> 0 | M6: =SUM(K4,L6) -> 0 | N6: 0 | O6: 0 | P6: =SUM(M6*O6)*N6 -> 0 | S6: ? | U6: ='DATA INPUT SHEET'!D$5 -> 0 | V6: =SUM(T4,U6) -> 0 | W6: 1 | X6: 1 | Y6: =SUM(V6*X6)*W6 -> 0
A7: Expedition Weekend | C7: =SUM('DATA INPUT SHEET'!D3) -> 0 | D7: =SUM(B4,C7) -> 0 | E7: 1 | F7: 8.26 | G7: =SUM(D7*F7)*E7 -> 0 | J7: Practice Weekend Site 1 | L7: =SUM('DATA INPUT SHEET'!D4) -> 0 | M7: =SUM(K4,L7) -> 0 | N7: 1 | O7: 3.5 | P7: =SUM(M7*O7)*N7 -> 0 | S7: ? | U7: ='DATA INPUT SHEET'!D$5 -> 0 | V7: =SUM(T4,U7) -> 0 | W7: 1 | X7: 1 | Y7: =SUM(V7*X7)*W7 -> 0
B8: Campsite Fees Total Per Person: | F8: =SUM(F4:F7) -> 11.76 | J8: Practice Weekend Site 2 | L8: =SUM('DATA INPUT SHEET'!D4) -> 0 | M8: =SUM(K4,L8) -> 0 | N8: 1 | O8: 7 | P8: =SUM(M8*O8)*N8 -> 0 | S8: ? | U8: ='DATA INPUT SHEET'!D$5 -> 0 | V8: =SUM(T4,U8) -> 0 | W8: 1 | X8: 1 | Y8: =SUM(V8*X8)*W8 -> 0
J9: Expedition Weekend Site 1 | L9: =SUM('DATA INPUT SHEET'!D4) -> 0 | M9: =SUM(K4,L9) -> 0 | N9: 1 | O9: 5.5 | P9: =SUM(M9*O9)*N9 -> 0 | S9: ? | U9: ='DATA INPUT SHEET'!D$5 -> 0 | V9: =SUM(T4,U9) -> 0 | W9: 1 | X9: 1 | Y9: =SUM(V9*X9)*W9 -> 0
J10: Expedition Weekend Site 2 | L10: =SUM('DATA INPUT SHEET'!D4) -> 0 | M10: =SUM(K4,L10) -> 0 | N10: 1 | O10: 6.5 | P10: =SUM(M10*O10)*N10 -> 0 | S10: ? | U10: ='DATA INPUT SHEET'!D$5 -> 0 | V10: =SUM(T4,U10) -> 0 | W10: 1 | X10: 1 | Y10: =SUM(V10*X10)*W10 -> 0
K11: Campsite Fees Total Per Person: | O11: =SUM(O4:O10) -> 34.5 | S11: ? | U11: ='DATA INPUT SHEET'!D$5 -> 0 | V11: =SUM(T11,U11) -> 0 | W11: 1 | X11: 1 | Y11: =SUM(V11*X11)*W11 -> 0
S12: ? | U12: ='DATA INPUT SHEET'!D$5 -> 0 | V12: =SUM(T11,U12) -> 0 | W12: 1 | X12: 1 | Y12: =SUM(V12*X12)*W12 -> 0
S13: ? | U13: ='DATA INPUT SHEET'!D$5 -> 0 | V13: =SUM(T11,U13) -> 0 | W13: 1 | X13: 1 | Y13: =SUM(V13*X13)*W13 -> 0
S14: ? | U14: ='DATA INPUT SHEET'!D$5 -> 0 | V14: =SUM(T11,U14) -> 0 | W14: 1 | X14: 1 | Y14: =SUM(V14*X14)*W14 -> 0
S15: ? | U15: ='DATA INPUT SHEET'!D$5 -> 0 | V15: =SUM(T11,U15) -> 0 | W15: 1 | X15: 1 | Y15: =SUM(V15*X15)*W15 -> 0
A16: Total Campsite Fees | S16: ? | U16: ='DATA INPUT SHEET'!D$5 -> 0 | V16: =SUM(T11,U16) -> 0 | W16: 1 | X16: 1 | Y16: =SUM(V16*X16)*W16 -> 0
A17: =SUM(H4,Q4,Z4) -> 0 | S17: ? | U17: ='DATA INPUT SHEET'!D$5 -> 0 | V17: =SUM(T11,U17) -> 0 | W17: 1 | X17: 1 | Y17: =SUM(V17*X17)*W17 -> 0
S18: ? | U18: ='DATA INPUT SHEET'!D$5 -> 0 | V18: =SUM(T15,U18) -> 0 | W18: 1 | X18: 1 | Y18: =SUM(V18*X18)*W18 -> 0
S19: ? | U19: ='DATA INPUT SHEET'!D$5 -> 0 | V19: =SUM(T15,U19) -> 0 | W19: 1 | X19: 1 | Y19: =SUM(V19*X19)*W19 -> 0
S20: ? | U20: ='DATA INPUT SHEET'!D$5 -> 0 | V20: =SUM(T15,U20) -> 0 | W20: 1 | X20: 1 | Y20: =SUM(V20*X20)*W20 -> 0
S21: ? | U21: ='DATA INPUT SHEET'!D$5 -> 0 | V21: =SUM(T15,U21) -> 0 | W21: 1 | X21: 1 | Y21: =SUM(V21*X21)*W21 -> 0
T22: Campsite Fees Total Per Person: | X22: =SUM(X4:X21) -> 18

Sheet Course Costings
A1: COURSE COSTS
A3: Course | B3: Number of Participants | C3: Course Cost to School | D3: Estimated Miles Travelled Over the Course | E3: Fuel Allowance (Pence per Mile) | F3: Total Fuel Allowance Costs | G3: Total Cost to School
A4: Countryside Leaders Award (CLA) | B4: 0 | F4: =SUM(D4*E4) -> 0 | G4: =SUM(B4*C4)+(F4*B4) -> 0
A5: Basic Expedition Leaders Award (BEL) | B5: 0 | G5: =SUM(B5*C5)+(F5*B5) -> 0
A6: Mountain Leaders Award (ML) | B6: 0 | F6: =SUM(D6*E6) -> 0 | G6: =SUM(B6*C6)+(F6*B6) -> 0
A7: First Aid Course | B7: 0 | F7: =SUM(D7*E7) -> 0 | G7: =SUM(B7*C7)+(F7*B7) -> 0
A8: Introduction to the DofE Course | B8: 0 | G8: =SUM(B8*C8)+(F8*B8) -> 0
A9: Expedition Supervisors Course | B9: 0 | G9: =SUM(B9*C9)+(F9*B9) -> 0
A10: Verifier Course | B10: 0 | G10: =SUM(B10*C10)+(F10*B10) -> 0
A11: Assessors Course | B11: 0 | F11: =SUM(D11*E11) -> 0 | G11: =SUM(B11*C11)+(F11*B11) -> 0
A14: Total Costs in Courses Including Fuel
A15: =SUM(G4:G7) -> 0

Sheet Over All Costings
B1: OVERALL COSTINGS
B3: Out Goings: | D3: =SUM(F5,H5,J5,K5,L5,N5,P5) -> #REF! | F3: Initial Kit Costings | H3: Course Costings | J3: Staff Costings | N3: Camp Fees | P3: Sustainable Fees
F4: Additional Kit Cost | H4: Total Costs in Courses Including Fuel | J4: Total Fuel Allowance Costs | K4: Total Food Allowance Costs | L4: Total Staff Campsite Fee Costs | N4: Total Campsite Fees | P4: Contigency Pot (Equipment Use/Wear/Tear) | Q4: Over 3 years (to replace stock)
F5: 0 | H5: =SUM('Course Costings'!A15) -> 0 | J5: =SUM('Staff Costs'!A9) -> 0 | K5: =SUM('Staff Costs'!#REF!) -> #REF! | L5: =SUM('Staff Costs'!G9) -> 0 | N5: =SUM('Campsite Costings'!A17) -> 0 | P5: =SUM('Costs to Pupils'!A14) -> 0 | Q5: =SUM(P5*3) -> 0
B8: Input: | D8: =SUM(F10,H10,J10) -> 0 | F8: Pupil Input | H8: Course Costs | J8: Donations
F9: Totals Cost Input from Pupils: | H9: Totals Cost Input from School (For Courses): | J9: None
F10: =SUM('Costs to Pupils'!A11) -> 0 | H10: =SUM(H5) -> 0 | J10: 0
B13: Budget Left: (£3000 must be in a contingency pot) | C13: =SUM(D8-D3) -> #REF!
B17: Deposit Pot (Refunded)
B18: =SUM('Costs to Pupils'!F11:I11) -> 0
